 Dungeon Crawl Stone Soup version 0.28.0-53-g5a82cb258f (webtiles) character file.

Game seed: 15694086120332653260

348 ZappyNine the Insei (level 6, -5/48 HPs)
             Began as a Barachi Transmuter on May 23, 2022.
             Succumbed to a scorpion's poison
             ... on level 4 of the Dungeon.
             The game lasted 00:08:08 (3890 turns).

ZappyNine the Insei (Barachi Transmuter)            Turns: 3890, Time: 00:08:09

Health: -5/48      AC:  2    Str: 12    XL:     6   Next: 60%
Magic:  2/9        EV: 21    Int: 15    God:
Gold:   91         SH:  0    Dex: 17    Spells: 4/10 levels left

rFire   . . .      SeeInvis .     - Unarmed
rCold   . . .      Faith    .   (shield currently unavailable)
rNeg    . . .      Spirit   .   (armour currently unavailable)
rPois   x          Reflect  .   (helmet currently unavailable)
rElec   .          Harm     .   (cloak currently unavailable)
rCorr   .          Rampage  .   (gloves currently unavailable)
Will    .....                   (boots currently unavailable)
Stlth   ++........              (no amulet)
HPRegen 0.16/turn               (no ring)
MPRegen 0.11/turn               (no ring)

@: lethally poisoned (-5 -> -35), spider-form (expiring), wereblooded
A: venomous fangs, (amphibious), tiny, (slowness 1), (strong legs 1), +LOS,
(shaggy fur 1)
a: End Transformation


You were on level 4 of the Dungeon.
You were a venomous arachnid creature.
You visited 1 branch of the dungeon, and saw 4 of its levels.

You collected 91 gold pieces.

Inventory:

Missiles
 c - 22 poisoned darts (quivered)
Armour
 a - a +0 robe (melded)
 j - a +0 pair of boots (melded)
Scrolls
 b - 3 scrolls of teleportation {unknown}
 d - 2 scrolls of fear {unknown}
 f - a scroll of blinking {unknown}
 g - 2 scrolls of noise {unknown}
 h - a scroll of enchant weapon {unknown}
 i - a scroll of amnesia {unknown}
 n - a scroll of identify {unknown}
Potions
 e - a potion of invisibility {unknown}
 k - a potion of curing {unknown}
 l - a potion of might {unknown}
 m - a potion of flight {unknown}


   Skills:
 + Level 4.1 Fighting
 + Level 4.3 Dodging
 + Level 5.0 Unarmed Combat
 - Level 2.5 Spellcasting
 - Level 2.5 Transmutations
 - Level 1.3 Poison Magic


You had 4 spell levels left.
You knew the following spells:

 Your Spells              Type           Power      Damage    Failure   Level
a - Beastly Appendage     Tmut           18%        N/A       21%         1
b - Wereblood             Tmut           9%         N/A       26%         2
c - Spider Form           Tmut/Pois      7%         N/A       50%         3

Your spell library contained the following spells:

 Spells                   Type           Power      Damage    Failure   Level
 Blink                    Tloc           2%         N/A       54%         2
 Static Discharge         Conj/Air       1%         N/A       54%         2
 Dazzling Flash           Conj/Hex       2%         N/A       75%         3
 Lesser Beckoning         Tloc           1%         N/A       75%         3
 Tukima's Dance           Hex            1%         N/A       75%         3
 Ice Form                 Ice/Tmut       5%         N/A       90%         4
 Anguish                  Hex/Necr       0%         N/A       98%         4
 Dispel Undead            Necr           1%         3d6       98%         4
 Iskenderun's Mystic Bla  Conj/Tloc      1%         2d3       98%         4
 Sticky Flame             Conj/Fire      1%         2d3       98%         4
 Manifold Assault         Tloc           1%         N/A       100%        5
 Starburst                Conj/Fire      0%         6d3       100%        6
 Enfeeble                 Hex            0%         N/A       100%        7


Dungeon Overview and Level Annotations

Branches:
Dungeon (4/15)
 Temple: D:4-7

Altars:
Trog
Xom

Shops:
D:1 ?


Innate Abilities, Weirdness & Mutations

You are a venomous arachnid creature.
You have poisonous fangs.
You are tiny and dextrous.
Your spellcasting is less reliable in this form.
Your armour is entirely melded.
You are incapable of wielding weapons or throwing items.
((You are amphibious.))
((You cover ground slowly.))
((You can hop short distances.))
You have an extended range of vision and can be seen from far away.
((You are covered in fur. (AC +1)))


Message History

Nothing appears to happen.
The scorpion stings you but does no damage.
Casting: Spider Form (quite dangerous; 28% risk of failure)
Confirm with . or Enter, or press ? or * to list all spells.
Your blood is infused with primal strength.
The scorpion stings you!
Casting: Wereblood (safe; 11% risk of failure)
Confirm with . or Enter, or press ? or * to list all spells.
The spell is quite dangerous to miscast (28% risk of failure)!
Continue anyway?
You turn into a venomous arachnid creature.
Your +0 pair of boots melds into your body.
Your +0 robe melds into your body.
Your transformation is almost over.
The scorpion completely misses you.
You barely miss the scorpion. The scorpion misses you.
The scorpion closely misses you.
You barely miss the scorpion. The scorpion stings you!
You hit the scorpion but do no damage.
The scorpion is poisoned.
The scorpion stings you.
You are poisoned.
The scorpion poisons you!
You hit the scorpion.
The scorpion looks as sick as possible!
The scorpion is lightly wounded.
You feel very sick. The scorpion stings you.
You are lethally poisoned!
The scorpion poisons you!
You bite the scorpion!
You feel a bit better.
You kill the scorpion!
* * * LOW HITPOINT WARNING * * *
You feel extremely sick.
Your Fighting skill increases to level 4!
Your Unarmed Combat skill increases to level 5!
* * * LOW HITPOINT WARNING * * *
You feel extremely sick. The gnoll hits you with a +0 whip.
* * * LOW HITPOINT WARNING * * *
The gnoll barely misses you.
Your magical contamination has completely faded away.
You die...

#.........[...#
##............#
#<............
#......#...#
#......#/.# .#
#gg......# .#
#g####..## ..# #.#
#.## ##.. #s# #..##
+#... #.# #...##
##....
#......#..###.....
.....####...#......
..................)
#..................
####...............
##########....##
#.####.


You could see 3 gnolls.

Vanquished Creatures
  2 ogres (D:4)
  A scorpion (D:4)
  3 adders (D:3)
  2 worms (D:2)
  2 dart slugs (D:1)
  4 orcs (D:3)
  4 endoplasms
  7 giant cockroaches
  7 goblins
  4 hobgoblins
  2 jackals (D:1)
  4 kobolds
  6 quokkas (D:3)
  11 ball pythons
  6 bats
  4 frilled lizards
  8 rats
77 creatures vanquished.

Notes
Turn   | Place    | Note
-------+----------+-------------------------------------------
     0 | D:1      | ZappyNine the Barachi Transmuter began the quest for the
                  | Orb.
     0 | D:1      | Reached XP level 1. HP: 15/15 MP: 3/3
   354 | D:1      | Reached XP level 2. HP: 16/21 MP: 5/5
   357 | D:1      | Learned a level 2 spell: Wereblood
   440 | D:1      | Found Vuidwui's Magic Scroll Shoppe.
   580 | D:1      | You fall into a shaft and drop 1 floor!
   632 | D:1      | Reached XP level 3. HP: 26/27 MP: 4/6
   636 | D:1      | Learned a level 3 spell: Spider Form
   669 | D:1      | Gained mutation: You are dopey. (Int -2) [potion of
                  | mutation]
   669 | D:1      | Gained mutation: You are somewhat resistant to further
                  | mutation. [potion of mutation]
   939 | D:1      | Lost mutation: You are somewhat resistant to further
                  | mutation. [potion of mutation]
   939 | D:1      | Lost mutation: You are dopey. (Int -2) [potion of mutation]
   939 | D:1      | Gained mutation: Your magical capacity is low. (-10% MP)
                  | [potion of mutation]
   939 | D:1      | Lost mutation: Your magical capacity is low. (-10% MP)
                  | [potion of mutation]
   939 | D:1      | Gained mutation: You are covered in fur. (AC +1) [potion of
                  | mutation]
  1258 | D:2      | Found a bloodstained altar of Trog.
  1396 | D:2      | Reached skill level 1 in Poison Magic
  2283 | D:3      | Reached XP level 4. HP: 26/33 MP: 3/7
  2579 | D:3      | Reached skill level 4 in Unarmed Combat
  2956 | D:3      | Found a faded altar of an unknown god.
  3298 | D:3      | Reached XP level 5. HP: 38/39 MP: 8/8
  3382 | D:3      | Found a shimmering altar of Xom.
  3415 | D:4      | Noticed an ogre
  3427 | D:4      | Killed an ogre
  3557 | D:4      | Noticed an ogre
  3564 | D:4      | Killed an ogre
  3565 | D:4      | Reached XP level 6. HP: 30/48 MP: 2/9
  3889 | D:4      | Reached skill level 5 in Unarmed Combat
  3889 | D:4      | HP: 2/48 [gnoll/+0 whip (4)]
  3890 | D:4      | Succumbed to a scorpion's poison

Illustrated notes

Levels and vault maps discovered:
D:1:      minmay_arrival_stair_chambers, layout_rooms, serial_shops, shop
D:2:      layout_basic, basic_altar, serial_corexii_hall,
          corexii_hall_statues_i, chequers_hall_statues_y
D:3:      layout_rooms, nicolae_overflow_hidden_temple, gup_sewer_entry_pipe,
          ebering_ecumenical_altar_sacrificial
D:4:      layout_basic, elyvilon_altar_1, nemelex_diamond_rough_becter,
          nicolae_qazlal_eye_of_the_storm, nrook_uturn, minivault_1,
          grunt_decor_junction, minmay_pentomino_pile

Skill      XL: |  1  2  3  4  5  6 |
---------------+-------------------+-----
Poison Magic   | 1 |  1.3
Fighting       | 2 3 4 |  4.1
Dodging        | 3 4 |  4.3
Unarmed Combat | 4 5 |  5.0
Spellcasting   | |  2.5
Transmutations | |  2.5

Action                   |  1- 3 |  4- 6 || total
-------------------------+-------+-------++-------
Melee: Unarmed           |   136 |   113 ||   249
       Kick              |    17 |     5 ||    22
       Headbutt          |     6 |     2 ||     8
       Punch             |       |     3 ||     3
Throw: Dart              |     7 |       ||     7
 Cast: Beastly Appendage |    18 |     5 ||    23
       Wereblood         |     3 |     2 ||     5
       Spider Form       |       |     7 ||     7
 Abil: Hop               |     1 |       ||     1
  Use: Potion            |     2 |       ||     2
 Stab: Sleeping          |     1 |     2 ||     3
Armor: Robe              |    23 |    17 ||    40
       Skin              |       |     2 ||     2
Dodge: Dodged            |    94 |    77 ||   171
